Map: Proxima Station LE

Players

Ziggy

  • Race: Terran Terran
  • Spawn Location: 1:00

Cloudy - Winner!

  • Race: Protoss Protoss
  • Spawn Location: 7:00

Event: WCS Valencia 2017

VOD

Have the link to the VOD?

Description

Time

  • Played on: July 13, 2017, 7:54 a.m.
  • Length: 14:01

All games in this series

Show
View Real Time Build Order
Export as new Build Order

Ziggy Terran 

Build Orders: MMM Bio 

Get SALT Encoding   

  12  0:00  SCV  
  13  0:12  SCV  
  14  0:18  Supply Depot  
  14  0:24  SCV  
  15  0:29  Refinery  
  15  0:40  SCV  
  16  0:45  Barracks  
  16  0:52  SCV  
  17  1:04  SCV  
  18  1:16  SCV  
  19  1:28  SCV  
  20  1:34  Reaper  
  21  1:40  Orbital Command  
  21  1:51  Command Center  
  21  2:01  Factory  
  21  2:06  Barracks Reactor  
  21  2:09  SCV  
  22  2:18  Supply Depot  
  22  2:21  SCV  
  23  2:24  Refinery  
  23  2:40  SCV  
  23  2:42  Marine  
  23  2:43  Marine  
  26  2:46  Starport  
  26  2:51  Widow Mine  
  26  2:52  SCV  
  29  3:00  Marine  
  29  3:01  Marine  
  29  3:04  Orbital Command  
  29  3:05  SCV  
  32  3:18  Marine x2  
  32  3:19  SCV, Widow Mine  
  35  3:23  Medivac  
  39  3:31  SCV  
  39  3:32  SCV  
  41  3:36  Marine x2  
  41  3:37  Supply Depot  
  43  3:43  SCV  
  43  3:47  SCV  
  43  3:48  Widow Mine  
  46  3:58  Marine x2, Medivac, SCV  
  46  3:59  SCV  
  46  4:00  Supply Depot  
  52  4:10  SCV  
  52  4:11  SCV  
  54  4:21  Marine x2, Widow Mine  
  54  4:23  SCV x2  
  59  4:33  Command Center  
  59  4:35  SCV x2  
  57  4:49  SCV x2  
  57  4:50  Factory Tech Lab  
  59  5:00  Barracks  
  59  5:01  SCV x2, Barracks  
  59  5:02  Barracks  
  59  5:03  Barracks Tech Lab  
  61  5:07  Barracks  
  61  5:13  SCV x2  
  58  5:16  Siege Tank  
  54  5:26  SCV x2  
  56  5:34  Marauder  
  54  5:47  Viking  
  54  5:49  Engineering Bay  
  59  5:53  Marine x2  
  59  5:54  Stimpack, SCV  
  59  5:55  SCV, Marine  
  61  5:58  Supply Depot  
  61  6:00  Factory Reactor  
  61  6:07  SCV  
  61  6:08  Engineering Bay  
  61  6:10  Engineering Bay  
  62  6:14  SCV  
  62  6:15  Orbital Command  
  62  6:16  Terran Infantry Weapons Level 1  
  63  6:19  Refinery, Missile Turret  
  63  6:21  SCV  
  63  6:22  Marine  
  65  6:26  Barracks Tech Lab, SCV  
  65  6:27  Barracks Tech Lab  
  66  6:33  SCV  
  66  6:37  Marauder, Marine  
  66  6:39  SCV  
  72  6:40  SCV  
  72  6:44  Widow Mine  
  72  6:45  Marine, SCV, Widow Mine  
  72  6:46  Marine x2  
  80  6:48  Starport Reactor  
  80  6:51  SCV  
  81  6:56  Refinery  
  81  6:57  SCV  
  82  7:03  SCV  
  82  7:06  Marine  
  82  7:08  Missile Turret  
  84  7:10  Orbital Command  
  84  7:11  SCV  
  84  7:14  Terran Infantry Armor Level 1  
  85  7:17  Supply Depot  
  85  7:18  Marauder x2, Marine, SCV  
  85  7:20  Widow Mine  
  93  7:26  Marine  
  92  7:32  SCV  
  92  7:36  Missile Turret  
  93  7:38  SCV, Widow Mine  
  93  7:39  Marauder  
  93  7:40  Marine  
  93  7:41  Marauder  
  101  7:52  SCV, Widow Mine, Supply Depot  
  101  7:53  Marauder x2, Armory  
  108  8:01  Combat Shields  
  108  8:06  SCV  
  108  8:09  Supply Depot  
  109  8:13  Medivac x2, Widow Mine  
  109  8:14  SCV x2, Marine  
  109  8:15  Marine x2  
  109  8:17  Marine  
  109  8:18  Marauder  
  117  8:28  Supply Depot  
  117  8:30  SCV x3, Widow Mine, Supply Depot  
  122  8:43  SCV x2  
  122  8:45  Marine  
  122  8:47  Marauder  
  125  8:49  Marine  
  125  8:50  Marauder x3  
  125  8:53  Medivac x2  
  136  9:01  SCV x2  
  136  9:02  SCV, Terran Infantry Weapons Level 2  
  139  9:03  Marine  
  139  9:07  Marine  
  139  9:08  Supply Depot  
  141  9:10  Refinery x2  
  141  9:11  Supply Depot  
  141  9:13  Marauder x4  
  146  9:21  Marine  
  142  9:26  Medivac x2  
  146  9:32  SCV x3  
  146  9:34  Marauder x3  
  146  9:35  Marine x2  
  157  9:39  Marine  
  157  9:44  SCV  
  157  9:45  Terran Infantry Armor Level 2  
  159  9:50  Command Center  
  159  9:52  Barracks  
  159  9:53  Marauder, Marine, Barracks, Supply Depot  
  159  9:55  Marauder, Marine  
  159  9:59  Liberator x2  
  165  10:04  Marine, Supply Depot  
  166  10:07  Supply Depot  
  166  10:13  Marauder  
  168  10:15  Marauder  
  168  10:16  Marine x2  
  168  10:17  Marine  
  179  10:22  Marine  
  180  10:35  Marauder x2  
  184  10:36  Marauder  
  184  10:41  Marauder, Barracks Tech Lab, Starport, Supply Depot  
  183  10:56  Marauder x2  
  175  10:59  Medivac x2  
  175  11:02  Marauder x3  
  179  11:08  Marine x2  
  167  11:29  Marine x2, Viking x2  
  167  11:30  Marauder  
  167  11:31  Marine x2  
  158  11:42  Planetary Fortress  
  158  11:43  Marine x2  
  158  11:44  Marauder  
  162  11:53  Marine  
  162  11:54  Marauder, Marine  
  165  11:57  Marine  
  165  11:58  Marine  
  165  11:59  Viking x2  
  172  12:01  Marine  
  173  12:09  Refinery  
  173  12:10  Marauder x2  
  173  12:11  Starport x2  
  173  12:12  Marine  
  173  12:15  Marauder  
  180  12:16  Marauder  
  180  12:22  Marauder  
  183  12:31  Marauder x2  
  183  12:33  Marine x2  
  183  12:36  Marine  
  183  12:37  Marauder x2  
  192  12:43  Marauder  
  179  12:48  Viking x3  
  179  12:49  Viking  
  179  12:51  Marine x2  
  141  12:53  Marauder x2  
  141  12:54  Marine  
  141  12:58  Marauder, Marine  
  122  13:04  Marauder  
  121  13:09  Marine x2  
  121  13:12  Marine  
  124  13:14  Marauder, Marine  
  124  13:16  Marine  
  124  13:18  Viking x3  
  124  13:19  Marine  
  135  13:25  Marine  
  135  13:26  Marine  
  137  13:27  Marine  
  137  13:32  Marauder  
  137  13:33  Barracks Tech Lab  
  140  13:34  Marauder  
  140  13:35  Marauder  
  140  13:37  Marauder  
Show
View Real Time Build Order
Export as new Build Order

Cloudy Protoss - Winner!

Build Orders: 1 Gate Expand, Oracle Opening 

Get SALT Encoding   

  12  0:01  Probe (Chrono Boost)  
  13  0:12  Probe (Chrono Boost)  
  14  0:17  Pylon  
  14  0:23  Probe (Chrono Boost)  
  16  0:36  Probe (Chrono Boost)  
  16  0:38  Gateway  
  16  0:45  Assimilator  
  16  0:47  Probe (Chrono Boost)  
  17  0:57  Probe (Chrono Boost)  
  18  1:08  Probe (Chrono Boost)  
  19  1:22  Nexus  
  19  1:32  Cybernetics Core  
  19  1:36  Probe (Chrono Boost)  
  20  1:41  Assimilator  
  20  1:46  Probe (Chrono Boost)  
  21  1:54  Pylon  
  21  1:57  Probe (Chrono Boost)  
  22  2:07  Probe (Chrono Boost)  
  23  2:12  Adept (Chrono Boost)  
  24  2:19  Probe  
  25  2:24  Stargate  
  25  2:27  Warp Gate (Chrono Boost)  
  25  2:31  Probe  
  25  2:33  Probe  
  27  2:40  Adept (Chrono Boost)  
  27  2:43  Probe  
  30  2:44  Probe  
  31  2:55  Probe x2 (Chrono Boost)  
  33  3:05  Probe (Chrono Boost)  
  33  3:07  Probe (Chrono Boost), Oracle (Chrono Boost)  
  38  3:16  Gateway  
  38  3:19  Probe, Gateway  
  38  3:23  Probe  
  40  3:31  Probe, Pylon  
  41  3:35  Probe  
  42  3:43  Probe  
  42  3:47  Oracle (Chrono Boost)  
  43  3:49  Probe  
  43  3:51  Pylon  
  43  3:55  Probe (Chrono Boost)  
  49  4:03  Probe (Chrono Boost)  
  49  4:07  Mothership Core (Chrono Boost)  
  51  4:15  Probe (Chrono Boost), Nexus  
  50  4:25  Probe (Chrono Boost)  
  51  4:32  Pylon  
  51  4:33  Stalker x3  
  51  4:37  Probe (Chrono Boost)  
  58  4:42  Probe (Chrono Boost)  
  55  4:50  Probe (Chrono Boost)  
  52  4:53  Probe (Chrono Boost)  
  52  4:54  Forge, Twilight Council  
  52  4:56  Assimilator  
  52  4:58  Assimilator  
  53  5:00  Phoenix  
  53  5:02  Probe (Chrono Boost)  
  53  5:05  Probe (Chrono Boost)  
  57  5:07  Pylon  
  57  5:17  Adept  
  59  5:22  Phoenix  
  59  5:25  Probe (Chrono Boost)  
  59  5:27  Probe (Chrono Boost)  
  64  5:28  Probe (Chrono Boost)  
  64  5:32  Adept x2  
  69  5:36  Probe (Chrono Boost)  
  69  5:38  Protoss Ground Weapons Level 1  
  70  5:43  Probe (Chrono Boost)  
  70  5:46  Probe (Chrono Boost)  
  70  5:47  Probe (Chrono Boost)  
  72  5:51  Resonating Glaives (Chrono Boost)  
  72  5:53  Probe (Chrono Boost)  
  72  5:56  Probe  
  73  5:58  Probe  
  73  6:01  Gateway  
  73  6:03  Gateway  
  73  6:04  Gateway  
  75  6:05  Phoenix  
  75  6:06  Probe  
  75  6:07  Gateway x2  
  75  6:08  Probe  
  79  6:12  Photon Cannon  
  79  6:17  Pylon  
  79  6:19  Pylon  
  79  6:23  Robotics Facility  
  79  6:25  Sentry  
  79  6:27  Probe x2  
  79  6:28  Adept  
  85  6:33  Pylon  
  85  6:35  Pylon  
  85  6:41  Phoenix (Chrono Boost)  
  85  6:43  Probe x2  
  85  6:44  Probe  
  90  6:47  Assimilator  
  90  6:51  Assimilator  
  90  6:55  Probe  
  90  6:56  Probe x2  
  93  7:03  Phoenix (Chrono Boost)  
  93  7:08  Probe x3  
  98  7:11  Observer  
  98  7:12  Adept x3  
  105  7:20  Probe  
  106  7:33  Adept x5  
  106  7:34  Protoss Ground Armor Level 1, Blink  
  116  7:38  Pylon  
  116  7:40  Pylon  
  116  7:43  Pylon  
  116  7:48  Pylon  
  116  7:51  Nexus  
  116  7:54  Robotics Bay  
  116  7:58  Robotics Facility  
  116  7:59  Observer (Chrono Boost)  
  117  8:18  Warp Prism (Chrono Boost)  
  119  8:20  Adept x6  
  119  8:24  Phoenix  
  119  8:26  Pylon  
  133  8:27  Pylon  
  133  8:30  Forge  
  133  8:52  Stalker x6  
  144  9:01  Colossus (Chrono Boost)  
  144  9:02  Extended Thermal Lance  
  156  9:05  Probe  
  156  9:06  Probe x3, Colossus (Chrono Boost)  
  154  9:18  Protoss Ground Armor Level 2  
  147  9:35  Protoss Ground Weapons Level 2  
  147  9:39  Assimilator  
  147  9:44  Assimilator  
  147  9:48  Colossus (Chrono Boost)  
  147  9:49  Templar Archives  
  153  9:52  Gateway  
  153  9:57  Pylon, Gateway  
  153  9:58  Photon Cannon  
  153  9:59  Pylon, Photon Cannon  
  153  10:01  Pylon  
  159  10:13  Colossus (Chrono Boost)  
  159  10:15  Sentry x2  
  163  10:21  Photon Cannon  
  163  10:22  Photon Cannon  
  163  10:25  Photon Cannon  
  163  10:26  Stalker  
  163  10:27  Stalker x3  
  171  10:29  Psionic Storm  
  171  10:40  Adept x4  
  173  10:51  Adept x4  
  165  11:04  Adept  
  165  11:05  Adept x3  
  165  11:18  Adept x4  
  160  11:30  Colossus (Chrono Boost)  
  160  11:32  High Templar x4  
  172  11:34  Colossus (Chrono Boost)  
  166  11:49  Photon Cannon  
  166  11:50  Photon Cannon  
  166  11:55  High Templar x2  
  166  12:00  Probe x4  
  174  12:01  Nexus  
  174  12:12  Warp Prism  
  174  12:13  Pylon  
  174  12:16  Assimilator, Adept x8  
  174  12:17  Immortal  
  174  12:21  Assimilator  
  194  12:35  Adept x2  
  198  12:39  Photon Cannon  
  198  12:41  Photon Cannon  
  196  12:44  Archon x2  
  196  12:48  Adept x8  
  171  12:54  Colossus x2  
  151  13:12  Stalker x6  
  163  13:15  High Templar x2  
  167  13:35  High Templar x2  
  169  13:42  Adept x4  
  169  13:43  Adept x2  
  169  13:44  Archon  
  149  13:51  Adept x7  
Tags
 
Add a new tag
Caveats
  • Supply blocks, unpowered buildings, or Contaminate may cause inaccurate times.
  • Supply counts are checked every 10 seconds.